 Dungeon Crawl Stone Soup version 0.29-a0-577-gafbf2c5d25 (webtiles) character file.

Game seed: 14894811598367393816

68 DocClef the Sneak (level 4, -6/34 (39) HPs)
             Began as a Draconian Delver on June 13, 2022.
             Mangled by a gnoll
             ... wielding a +0 halberd
             ... led by a gnoll shaman
              (11 damage)
             ... on level 5 of the Dungeon.
             The game lasted 00:00:21 (207 turns).

DocClef the Sneak (Draconian Delver)                 Turns: 207, Time: 00:00:22

HP:   -6/34 (39)    AC:  6    Str: 14    XL:     4   Next: 1%
MP:   4/4           EV: 12    Int: 10    God:
Gold: 0             SH:  0    Dex: 15    Spells: 3/3 levels left

rFire   . . .      SeeInvis .   a - +0 short sword
rCold   . . .      Faith    .   (no shield)
rNeg    . . .      Spirit   .   (body armour unavailable)
rPois   .          Reflect  .   (helmet restricted)
rElec   .          Harm     .   g - +0 cloak
rCorr   .          Rampage  .   (no gloves)
Will    .....                   (no boots)
Stlth   +++.......              (no amulet)
HPRegen 0.11/turn               (no ring)
MPRegen 0.09/turn               (no ring)

@: heavily drained
A: AC +5, unfitting armour, cold-blooded
a: no special abilities


You were on level 5 of the Dungeon.
You visited 1 branch of the dungeon, and saw 1 of its levels.

Inventory:

Hand Weapons
 a - a +0 short sword (weapon)
Armour
 g - a +0 cloak (worn)
Wands
 f - a wand of digging (3)
Scrolls
 b - a scroll of fog
 c - 2 scrolls of magic mapping
 d - a scroll of fear
Potions
 e - a potion of haste
 h - a potion of curing {unknown}


   Skills:
 + Level 3.6 Fighting
 + Level 2.2 Short Blades
 + Level 1.9 Dodging
 + Level 5.6 Stealth


You had 3 spell levels left.
You didn't know any spells.
Your spell library was empty.

Dungeon Overview and Level Annotations

Branches:
Dungeon (5/15)
 Temple: D:4-7

Altars:


Innate Abilities, Weirdness & Mutations

Your plain brown scales are hard. (AC +5)
You cannot fit into any form of body armour.
You are cold-blooded and may be slowed by cold attacks.


Message History

You finish putting on your +0 cloak.
You start resting.
HP restored.
You see here an adder corpse.
h - a lumpy blue potion You open the door.
There is an open door here.
A gnoll comes into view. It is wielding a +2 flail of draining.
A gnoll is nearby!
A gnoll is nearby!
A gnoll is nearby! 4 gnolls, an adder and an orc come into view.
Found 14 gold pieces.
The gnoll shouts! x4; You hear a bark!
The gnoll hits you with a +2 flail of draining.
You feel drained.
The gnoll moves out of view. x2
A gnoll shaman comes into view. It is wielding a +0 club.
The gnoll shaman moves out of view.
The gnoll attacks as you move away! The gnoll closely misses you.
The gnoll attacks as you move away!
The gnoll hits you with a +2 flail of draining!
You feel drained. The gnoll attacks as you move away!
The gnoll hits you with a +2 flail of draining.
You feel drained. The gnoll attacks as you move away!
The gnoll barely misses you. The gnoll attacks as you move away!
The gnoll hits you with a +2 flail of draining.
You feel drained.
There is an open door here.
The gnoll attacks as you move away! The gnoll barely misses you.
The gnoll attacks as you move away!
The gnoll hits you with a +2 flail of draining!
* * * LOW HITPOINT WARNING * * *
You feel drained.
* * * LOW HITPOINT WARNING * * *
The gnoll hits you from afar with a +0 halberd.
* * * LOW HITPOINT WARNING * * *
The gnoll hits you from afar with a +0 halberd!
You die...

#...S.g..#+#.#
#g#####......### #g#
#..........# . #.#
###..........# .# #S#
#.#..........##.## #######.#
#................#
#.......###..g.............#
#.......gg.Sg..............#
#.......###.#.@............#
#.......###+######(........#
#.................>######+##
#...............####
########........#
#.†..........#
#............#
#............#
#..............


You could see a gnoll shaman, 3 gnolls and an adder.

Vanquished Creatures
  A bullfrog (D:5)
  An adder (D:5)
2 creatures vanquished.

Notes
Turn   | Place    | Note
-------+----------+-------------------------------------------
     0 | D:5      | DocClef the Draconian Delver began the quest for the Orb.
     0 | D:5      | Reached XP level 1. HP: 19/19 MP: 1/1
     7 | D:5      | Noticed a bullfrog
    20 | D:5      | Killed a bullfrog
    21 | D:5      | Reached skill level 5 in Stealth
    21 | D:5      | Reached XP level 2. HP: 14/26 MP: 2/2
    21 | D:5      | Reached XP level 3. HP: 16/31 MP: 3/3
    32 | D:5      | Reached XP level 4. HP: 22/39 MP: 4/4
   207 | D:5      | Mangled by a gnoll

Illustrated notes

Levels and vault maps discovered:
D:5:      layout_basic, uniq_edmund

Skill      XL: |  1 |
---------------+----+-----
Stealth        | 5 |  5.6
Fighting       | |  3.6
Short Blades   | |  2.2
Dodging        | |  1.9

Action                   |  1- 3 |  4- 6 || total
-------------------------+-------+-------++-------
Melee: Short sword       |    10 |       ||    10
       Tailslap          |     3 |       ||     3
 Stab: Sleeping          |     1 |       ||     1
Armor: Skin              |     3 |       ||     3
Dodge: Dodged            |     6 |     3 ||     9

Table legend: (Time is in decaauts)
 A = Elapsed time spent in this place.
 B = Non-inter-level travel time spent in this place.
 C = Inter-level travel time spent in this place.
 D = Time resting spent in this place.
 E = Time spent auto-exploring this place.
 F = Levels seen in this place.
 G = Mean time per level.
                   A        B        C        D        E       F      G
               +--------+--------+--------+--------+--------+-----+--------+
         Total |    206 |    206 |      0 |    123 |     30 |   1 |  206.0 |
       Dungeon |    206 |    206 |      0 |    123 |     30 |   1 |  206.0 |
               +--------+--------+--------+--------+--------+-----+--------+

Top non-repeatable levels by time:
     D:5: 206 daAuts
